[Event "SWE-ch 2019"]
[Site "Eskilstuna"]
[Date "2019.07.06"]
[Round "1.1"]
[White "Hector, Jonny"]
[Black "Carlsson, Pontus"]
[Result "1-0"]
[ECO "B77"]
[WhiteElo "2487"]
[BlackElo "2456"]
[Annotator "ChessBase"]
[PlyCount "77"]
[EventDate "2019.07.06"]
[EventType "tourn"]
[EventCountry "SWE"]
[SourceTitle "playchess.com"]
[Source "ChessBase"]
[SourceQuality "1"]
[TimeControl "40/5400+30:1800+30"]

1. e4 c5 2. Nf3 d6 3. d4 cxd4 4. Nxd4 Nf6 5. Nc3 g6 6. Be3 Bg7 7. f3 O-O 8. Bc4 Nc6 9. Qd2 Bd7 10. O-O-O Rb8 11. Bb3 Na5 12. g4 b5 13. Bh6 Nxb3+ 14. Nxb3 Bxh6 15. Qxh6 b4 16. Nd5 Nxd5 17. exd5 Rb6 18. h4 e5 19. Nd2 Ra6 20. Ne4 f6 21. g5 Bf5 22. Nxf6+ Rxf6 23. gxf6 Qxf6 24. Qe3 Rxa2 25. Qb3 Ra1+ 26. Kd2 Rxd1+ 27. Kxd1 Bd7 28. Qe3 Qf7 29. Kc1 Bf5 30. h5 gxh5 31. Rh4 Qc7 32. Qb3 Qc5 33. Kb1 Bg6 34. Rc4 Qg1+ 35. Ka2 a5 36. Qa4 Qd1 37. Qxa5 Bf7 38. Qd8+ Kg7 39. Qg5+ 1-0

[Event "SWE-ch 2019"]
[Site "Eskilstuna"]
[Date "2019.07.06"]
[Round "1.2"]
[White "Kucuksari, Kaan"]
[Black "Smith, Axel"]
[Result "1/2-1/2"]
[ECO "E04"]
[WhiteElo "2310"]
[BlackElo "2469"]
[Annotator "ChessBase"]
[PlyCount "79"]
[EventDate "2019.07.06"]
[EventType "tourn"]
[EventCountry "SWE"]
[SourceTitle "playchess.com"]
[Source "ChessBase"]
[SourceQuality "1"]
[TimeControl "40/5400+30:1800+30"]

1. d4 e6 2. c4 Nf6 3. g3 d5 4. Bg2 dxc4 5. Nf3 c6 6. Ne5 Bb4+ 7. Bd2 Be7 8. Bg5 h6 9. Bxf6 Bxf6 10. Na3 c3 11. bxc3 Bxe5 12. dxe5 Qa5 13. Qb3 Qxe5 14. Nc4 Qc5 15. a4 Nd7 16. a5 Rb8 17. O-O Ne5 18. Nxe5 Qxe5 19. Qa3 c5 20. f4 Qc7 21. c4 O-O 22. g4 Rd8 23. g5 hxg5 24. fxg5 b5 25. axb6 axb6 26. g6 fxg6 27. Qe3 Qd6 28. Qg5 Bb7 29. Bxb7 Rxb7 30. Ra3 Rf8 31. Rxf8+ Qxf8 32. Qxg6 Re7 33. Qe4 Qf5 34. Qa8+ Kh7 35. Rf3 Qg4+ 36. Rg3 Qxe2 37. Rh3+ Kg6 38. Rg3+ Kh7 39. Rh3+ Kg6 40. Rg3+ 1/2-1/2

[Event "SWE-ch 2019"]
[Site "Eskilstuna"]
[Date "2019.07.06"]
[Round "1.3"]
[White "Johansson, Linus"]
[Black "Hillarp Persson, Tiger"]
[Result "0-1"]
[ECO "E20"]
[WhiteElo "2480"]
[BlackElo "2562"]
[Annotator "ChessBase"]
[PlyCount "70"]
[EventDate "2019.07.06"]
[EventType "tourn"]
[EventCountry "SWE"]
[SourceTitle "playchess.com"]
[Source "ChessBase"]
[SourceQuality "1"]
[TimeControl "40/5400+30:1800+30"]

1. d4 Nf6 2. c4 e6 3. Nc3 Bb4 4. Nf3 O-O 5. g3 Bxc3+ 6. bxc3 d6 7. Bg2 Nc6 8. O-O e5 9. Ne1 Re8 10. Nc2 Na5 11. Ne3 Be6 12. Qa4 b6 13. f4 exf4 14. Rxf4 Rb8 15. Bd2 Nxc4 16. Nxc4 b5 17. Qc2 Bxc4 18. e4 d5 19. e5 Ne4 20. Bxe4 dxe4 21. Qxe4 Rb6 22. a4 Ra6 23. Rh4 h6 24. Qg4 Ree6 25. Qd1 Qd5 26. a5 b4 27. cxb4 Bb5 28. Rf4 Bc6 29. Kf2 g5 30. Rg4 f5 31. Bxg5 fxg4 32. Qxg4 Rg6 33. Qc8+ Kh7 34. Qxa6 Qxd4+ 35. Be3 Qxa1 0-1

[Event "SWE-ch 2019"]
[Site "Eskilstuna"]
[Date "2019.07.06"]
[Round "1.4"]
[White "Blomqvist, Erik"]
[Black "Wiedenkeller, Michael"]
[Result "1-0"]
[ECO "A07"]
[WhiteElo "2492"]
[BlackElo "2461"]
[Annotator "ChessBase"]
[PlyCount "101"]
[EventDate "2019.07.06"]
[EventType "tourn"]
[EventCountry "SWE"]
[SourceTitle "playchess.com"]
[Source "ChessBase"]
[SourceQuality "1"]
[TimeControl "40/5400+30:1800+30"]

1. Nf3 d5 2. g3 c6 3. Bg2 Bg4 4. h3 Bh5 5. O-O Nd7 6. d3 Ngf6 7. Qe1 e5 8. e4 dxe4 9. dxe4 Bc5 10. a4 a5 11. Nbd2 O-O 12. Nc4 Re8 13. Bd2 b6 14. Nh4 Qc7 15. Kh1 Rad8 16. f4 exf4 17. Bxf4 Qa7 18. g4 Bg6 19. Nxg6 hxg6 20. e5 Nd5 21. Bg3 Nf8 22. c3 Ne6 23. h4 g5 24. hxg5 g6 25. Rd1 Qe7 26. Bxd5 cxd5 27. Nd6 Bxd6 28. exd6 Qxg5 29. Qf2 Rd7 30. Qf3 Qh6+ 31. Kg2 Ng5 32. Bf4 Nxf3 33. Bxh6 Ne5 34. Rxd5 Nxg4 35. Bf4 Ne3+ 36. Bxe3 Rxe3 37. Kf2 Re4 38. Rfd1 Re6 39. b4 axb4 40. cxb4 Kf8 41. a5 bxa5 42. bxa5 Ke8 43. a6 Rd8 44. a7 Kd7 45. Rb5 Ra8 46. Rb7+ Kc6 47. Rc7+ Kb6 48. Rb1+ Ka6 49. Rc2 Rf6+ 50. Kg3 Rxd6 51. Ra2# 1-0

[Event "SWE-ch 2019"]
[Site "Eskilstuna"]
[Date "2019.07.06"]
[Round "1.5"]
[White "Cramling, Pia"]
[Black "Sagit, Rauan"]
[Result "1/2-1/2"]
[ECO "E02"]
[WhiteElo "2479"]
[BlackElo "2429"]
[Annotator "ChessBase"]
[PlyCount "82"]
[EventDate "2019.07.06"]
[EventType "tourn"]
[EventCountry "SWE"]
[SourceTitle "playchess.com"]
[Source "ChessBase"]
[SourceQuality "1"]
[TimeControl "40/5400+30:1800+30"]

1. Nf3 Nf6 2. c4 e6 3. g3 d5 4. d4 Be7 5. Bg2 O-O 6. O-O dxc4 7. Qa4 Bd7 8. Qxc4 Bc6 9. Bg5 Nbd7 10. Nc3 h6 11. Bxf6 Nxf6 12. Rfe1 Bxf3 13. Bxf3 c6 14. e3 Qa5 15. a3 Rac8 16. Red1 Rfd8 17. b4 Qf5 18. Kg2 Qg6 19. Rac1 h5 20. Qd3 Qxd3 21. Rxd3 e5 22. Rcd1 exd4 23. Rxd4 Rxd4 24. Rxd4 g6 25. Ne4 Rc7 26. Nxf6+ Bxf6 27. Rd3 Kf8 28. Kf1 Ke7 29. Ke2 b6 30. Rd2 c5 31. Rc2 c4 32. Bd5 b5 33. f4 a6 34. e4 Bd4 35. Rd2 c3 36. Rc2 Bg7 37. Kd3 Rd7 38. Re2 Rc7 39. Rc2 Rd7 40. Re2 Rc7 41. Rc2 Rd7 1/2-1/2

[Event "SWE-ch 2019"]
[Site "Eskilstuna"]
[Date "2019.07.07"]
[Round "2.1"]
[White "Carlsson, Pontus"]
[Black "Smith, Axel"]
[Result "0-1"]
[ECO "C07"]
[WhiteElo "2456"]
[BlackElo "2469"]
[Annotator "ChessBase"]
[PlyCount "82"]
[EventDate "2019.07.06"]
[EventType "tourn"]
[EventCountry "SWE"]
[SourceTitle "playchess.com"]
[Source "ChessBase"]
[SourceQuality "1"]
[TimeControl "40/5400+30:1800+30"]

1. e4 e6 2. d4 d5 3. Nd2 c5 4. Ngf3 cxd4 5. Nxd4 Nf6 6. exd5 Qxd5 7. Nb5 Na6 8. c4 Qd7 9. Be2 Nc7 10. Nc3 Bc5 11. O-O O-O 12. Nf3 Qe7 13. Bg5 h6 14. Bh4 Rd8 15. Qc1 Qf8 16. Ne5 Nce8 17. Bf3 Be7 18. a3 Nd6 19. b4 Nf5 20. Bg3 Nd4 21. Bd1 b6 22. Nb5 Bb7 23. Nxd4 Rxd4 24. Qe3 Rad8 25. Bf3 Bxf3 26. Qxf3 Ne4 27. Bf4 Nd2 28. Bxd2 Rxd2 29. Rad1 Rxd1 30. Rxd1 Rxd1+ 31. Qxd1 a5 32. c5 axb4 33. axb4 bxc5 34. b5 Qa8 35. Nc4 Qa2 36. Ne5 Qb2 37. Nc6 Bf8 38. Qf1 Qb3 39. Na5 Qa4 40. Nc6 c4 41. Ne5 c3 0-1

[Event "SWE-ch 2019"]
[Site "Eskilstuna"]
[Date "2019.07.07"]
[Round "2.2"]
[White "Hector, Jonny"]
[Black "Johansson, Linus"]
[Result "1/2-1/2"]
[ECO "B30"]
[WhiteElo "2487"]
[BlackElo "2480"]
[Annotator "ChessBase"]
[PlyCount "118"]
[EventDate "2019.07.06"]
[EventType "tourn"]
[EventCountry "SWE"]
[SourceTitle "playchess.com"]
[Source "ChessBase"]
[SourceQuality "1"]
[TimeControl "40/5400+30:1800+30"]

1. e4 c5 2. Nf3 Nc6 3. Nc3 e5 4. Bc4 Be7 5. d3 Nf6 6. Nd2 d6 7. Nf1 O-O 8. Ne3 Nd7 9. a3 Nb6 10. Ba2 Bg5 11. h4 Bxe3 12. Bxe3 Nd4 13. h5 Be6 14. h6 g6 15. Nd5 Rc8 16. c3 Bxd5 17. exd5 Nf5 18. Bc1 Ne7 19. Qf3 f6 20. O-O Qd7 21. Rd1 Qf5 22. Qe2 Rfe8 23. c4 Qd7 24. b4 Nf5 25. bxc5 Nd4 26. Qe3 dxc5 27. Rb1 Rc7 28. Bb2 Nc8 29. Rd2 Nd6 30. Rf1 Qg4 31. f3 Qg3 32. Rdf2 f5 33. Re1 f4 34. Qd2 Rce7 35. Bxd4 exd4 36. Re4 Nxe4 37. fxe4 Qe3 38. Qd1 Re5 39. Qg4 Qe1+ 40. Rf1 Qe3+ 41. Rf2 f3 42. Qxf3 Qxh6 43. Qf7+ Kh8 44. Bb3 Qg7 45. Ba4 Rd8 46. Bd1 Re7 47. Qf4 Kg8 48. Bg4 Rf8 49. Qd6 Rxf2 50. Kxf2 Qf8+ 51. Kg3 Rf7 52. Qe5 Rf6 53. Be6+ Kg7 54. Qc7+ Kh6 55. Kg4 Rf2 56. Qh2+ Kg7 57. Qc7+ Kh6 58. Qh2+ Kg7 59. Qc7+ Kh6 1/2-1/2

[Event "SWE-ch 2019"]
[Site "Eskilstuna"]
[Date "2019.07.07"]
[Round "2.4"]
[White "Hillarp Persson, Tiger"]
[Black "Blomqvist, Erik"]
[Result "1-0"]
[ECO "D00"]
[WhiteElo "2562"]
[BlackElo "2492"]
[Annotator "ChessBase"]
[PlyCount "47"]
[EventDate "2019.07.06"]
[EventType "tourn"]
[EventCountry "SWE"]
[SourceTitle "playchess.com"]
[Source "ChessBase"]
[SourceQuality "1"]
[TimeControl "40/5400+30:1800+30"]

1. d4 Nf6 2. Bg5 d5 3. e3 c5 4. Bxf6 gxf6 5. dxc5 e6 6. c4 dxc4 7. Qxd8+ Kxd8 8. Bxc4 Bxc5 9. Nd2 Bd7 10. Ngf3 Ke7 11. O-O Bc6 12. Be2 Nd7 13. Rfc1 Rac8 14. Kf1 f5 15. Rc2 Bxf3 16. Nxf3 Bd6 17. Rac1 Rxc2 18. Rxc2 f4 19. exf4 Bxf4 20. g3 Bd6 21. Nd2 f5 22. Nb3 b6 23. Nd4 a5 24. Nc6+ 1-0

[Event "SWE-ch 2019"]
[Site "Eskilstuna"]
[Date "2019.07.07"]
[Round "2.5"]
[White "Wiedenkeller, Michael"]
[Black "Cramling, Pia"]
[Result "1/2-1/2"]
[ECO "E32"]
[WhiteElo "2461"]
[BlackElo "2479"]
[Annotator "ChessBase"]
[PlyCount "93"]
[EventDate "2019.07.06"]
[EventType "tourn"]
[EventCountry "SWE"]
[SourceTitle "playchess.com"]
[Source "ChessBase"]
[SourceQuality "1"]
[TimeControl "40/5400+30:1800+30"]

1. d4 Nf6 2. c4 e6 3. Nc3 Bb4 4. Qc2 d6 5. Bg5 Nbd7 6. e3 h6 7. Bh4 e5 8. Bd3 Qe7 9. O-O-O Bxc3 10. Qxc3 O-O 11. Ne2 Re8 12. f4 exd4 13. exd4 Qe3+ 14. Qd2 Qxd2+ 15. Rxd2 b6 16. Nc3 Bb7 17. d5 a6 18. Re1 Rxe1+ 19. Bxe1 Nc5 20. Bc2 Re8 21. Re2 Rxe2 22. Nxe2 c6 23. b4 Ncd7 24. dxc6 Bxc6 25. g3 d5 26. Nd4 Bb7 27. cxd5 Bxd5 28. a4 Be4 29. Bxe4 Nxe4 30. Kc2 a5 31. bxa5 bxa5 32. Nb3 Nb6 33. Kd3 f5 34. Kd4 Kf7 35. Bxa5 Nxa4 36. g4 g6 37. Ke5 Nac5 38. Nxc5 Nxc5 39. gxf5 Nd3+ 40. Ke4 Nc5+ 41. Kd5 Nd3 42. fxg6+ Kxg6 43. Ke4 Nc5+ 44. Ke5 Nd3+ 45. Ke4 Nc5+ 46. Ke5 Nd3+ 47. Ke4 1/2-1/2

[Event "SWE-ch 2019"]
[Site "Eskilstuna"]
[Date "2019.07.08"]
[Round "3.1"]
[White "Johansson, Linus"]
[Black "Lokander, Martin"]
[Result "0-1"]
[ECO "A07"]
[WhiteElo "2480"]
[BlackElo "2397"]
[Annotator "ChessBase"]
[PlyCount "105"]
[EventDate "2019.07.06"]
[EventType "tourn"]
[EventCountry "SWE"]
[SourceTitle "playchess.com"]
[Source "ChessBase"]
[SourceQuality "1"]
[TimeControl "40/5400+30:1800+30"]

1. Nf3 Nf6 2. g3 g6 3. Bg2 Bg7 4. O-O O-O 5. d3 d5 6. b4 Ne8 7. c3 e5 8. Bb2 Nd6 9. Nbd2 Be6 10. Qc2 a5 11. Nb3 Nc6 12. a3 Qe7 13. Nc5 e4 14. dxe4 dxe4 15. Nd4 Nxd4 16. cxd4 Bd5 17. bxa5 Rxa5 18. Bc3 Raa8 19. Bb4 Bxd4 20. Rad1 Bxc5 21. Qxc5 Bc6 22. Bh3 Rad8 23. Qd4 Bd7 24. Bg2 Bc6 25. Rc1 Qe6 26. Rfd1 f6 27. Qc5 Rd7 28. Qc2 Rfd8 29. h4 Nf7 30. Rxd7 Rxd7 31. Qc5 Nd6 32. e3 Qd5 33. Qxd5+ Bxd5 34. Rd1 Bc6 35. Bh3 f5 36. g4 Nf7 37. Rxd7 Bxd7 38. gxf5 Ne5 39. Kh2 Bxf5 40. Bf1 Kf7 41. Be2 Bg4 42. Bc3 Bxe2 43. Bxe5 c6 44. Kg3 Ke6 45. Kf4 Kd5 46. Bf6 b5 47. Kg5 h5 48. Kxg6 c5 49. Kf7 b4 50. a4 c4 51. a5 c3 52. Bd4 Bb5 53. Kg6 {[%emt 0:00:00] Ke5} 0-1

[Event "SWE-ch 2019"]
[Site "Eskilstuna"]
[Date "2019.07.08"]
[Round "3.2"]
[White "Smith, Axel"]
[Black "Sagit, Rauan"]
[Result "1/2-1/2"]
[ECO "D61"]
[WhiteElo "2469"]
[BlackElo "2429"]
[Annotator "ChessBase"]
[PlyCount "86"]
[EventDate "2019.07.06"]
[EventType "tourn"]
[EventCountry "SWE"]
[SourceTitle "playchess.com"]
[Source "ChessBase"]
[SourceQuality "1"]
[TimeControl "40/5400+30:1800+30"]

1. d4 d5 2. c4 e6 3. Nc3 a6 4. cxd5 exd5 5. Nf3 Nf6 6. Bg5 Be7 7. e3 h6 8. Bh4 O-O 9. Bd3 Re8 10. O-O Nbd7 11. Qc2 c6 12. Rad1 Ne4 13. Bxe7 Qxe7 14. Rfe1 Ndf6 15. Ne5 Bf5 16. f3 Nxc3 17. bxc3 Bxd3 18. Qxd3 Nd7 19. Ng4 Nf6 20. Ne5 Nd7 21. Ng4 Nf6 22. Nf2 Qa3 23. Qd2 c5 24. Nd3 cxd4 25. cxd4 Rac8 26. Rc1 Qe7 27. Rxc8 Rxc8 28. Rc1 Rc7 29. Kf2 Qd6 30. Ne5 Nd7 31. Rxc7 Qxc7 32. Nxd7 Qxd7 33. Qc3 g6 34. Qc5 Qd8 35. a4 Kg7 36. h3 Qh4+ 37. Kf1 Qg5 38. Kf2 Qh4+ 39. Kf1 Qg5 40. e4 b6 41. h4 Qd8 42. Qc6 dxe4 43. Qxe4 Qf6 1/2-1/2

[Event "SWE-ch 2019"]
[Site "Eskilstuna"]
[Date "2019.07.08"]
[Round "3.3"]
[White "Blomqvist, Erik"]
[Black "Hector, Jonny"]
[Result "1-0"]
[ECO "C77"]
[WhiteElo "2492"]
[BlackElo "2487"]
[Annotator "ChessBase"]
[PlyCount "107"]
[EventDate "2019.07.06"]
[EventType "tourn"]
[EventCountry "SWE"]
[SourceTitle "playchess.com"]
[Source "ChessBase"]
[SourceQuality "1"]
[TimeControl "40/5400+30:1800+30"]

1. e4 e5 2. Nf3 Nc6 3. Bb5 a6 4. Ba4 Nf6 5. d3 Bc5 6. c3 d6 7. h3 Bd7 8. Nbd2 Qe7 9. Nf1 d5 10. Ng3 dxe4 11. dxe4 O-O-O 12. Qe2 Ne8 13. Nf5 Bxf5 14. exf5 e4 15. Bxc6 exf3 16. Qxe7 Bxe7 17. Bxf3 Nd6 18. g4 Rhe8 19. O-O Bf6 20. g5 Be7 21. Bg4 f6 22. Re1 Kb8 23. Bh5 fxg5 24. Bxe8 Rxe8 25. Be3 b6 26. Rad1 Bf6 27. Rd5 Kb7 28. Kf1 Kc6 29. Red1 Rf8 30. a4 Be7 31. Re5 Nxf5 32. Re6+ Kb7 33. Ke2 Bf6 34. Rd7 Kc8 35. Rd5 Ne7 36. Rd1 Kb7 37. a5 bxa5 38. Ra1 Nd5 39. Rxa5 c6 40. Ra3 Bd8 41. Rb3+ Kc7 42. Re4 a5 43. c4 Nxe3 44. fxe3 Bf6 45. c5 Bd8 46. Ra3 Kb7 47. Rd3 Ka6 48. Rb3 Rf5 49. Re8 a4 50. Ra3 Rd5 51. Rxa4+ Kb5 52. Rd4 Bf6 53. Rxd5 cxd5 54. b4 1-0

[Event "SWE-ch 2019"]
[Site "Eskilstuna"]
[Date "2019.07.08"]
[Round "3.4"]
[White "Kucuksari, Kaan"]
[Black "Wiedenkeller, Michael"]
[Result "0-1"]
[ECO "A47"]
[WhiteElo "2310"]
[BlackElo "2461"]
[Annotator "ChessBase"]
[PlyCount "204"]
[EventDate "2019.07.06"]
[EventType "tourn"]
[EventCountry "SWE"]
[SourceTitle "playchess.com"]
[Source "ChessBase"]
[SourceQuality "1"]
[TimeControl "40/5400+30:1800+30"]

1. d4 Nf6 2. Nf3 d5 3. e3 e6 4. Bd3 c5 5. b3 Be7 6. O-O O-O 7. Bb2 b6 8. Nbd2 Bb7 9. dxc5 Bxc5 10. c4 Nbd7 11. cxd5 Nxd5 12. Rc1 Be7 13. Nc4 Bf6 14. Ba3 Nc5 15. Na5 bxa5 16. Bxc5 Be7 17. Nd4 Rc8 18. Bxa7 Rxc1 19. Qxc1 Nb4 20. Bb1 Qa8 21. Qc7 Bxg2 22. Rc1 Bf6 23. Bb6 Be4 24. Bxa5 Bh1 25. e4 Nxa2 26. Rc4 Bd8 27. Qe5 Bxa5 28. Nc6 Bc3 29. Qg3 Bb2 30. Kxh1 Nc3 31. Rxc3 Qa1 32. Rd3 Qxb1+ 33. Kg2 Ba3 34. Qf3 Qc1 35. Rc3 Qg5+ 36. Qg3 Qb5 37. Rc4 h6 38. Qc3 Qg5+ 39. Qg3 Qb5 40. Nd4 Qb7 41. Qf3 Bb2 42. Nc6 Qb5 43. Qe3 Ba3 44. h3 Kh8 45. h4 Ra8 46. Qf3 Kg8 47. e5 Ra6 48. h5 Bf8 49. Nd8 Ra7 50. Rf4 Qe8 51. Nc6 Ra6 52. Rc4 Ra3 53. Rd4 Ra6 54. Rc4 Ra3 55. Kh2 Qa8 56. Qd3 Qb7 57. Rc3 Qb6 58. Kg2 Ra2 59. Qe3 Qb5 60. Qd3 Qb6 61. Qd4 Qb7 62. Qd8 Ra8 63. Qd4 Qa6 64. Qc4 Qa1 65. Rf3 Qd1 66. Qf4 Qd7 67. Rc3 Ra6 68. Qd4 Qb7 69. Qc4 Rb6 70. Kh2 Rb5 71. Qe4 Rxb3 72. Rxb3 Qxb3 73. Kg2 Qd1 74. Qf3 Qc1 75. Kh2 Qg5 76. Kh3 Bc5 77. Kh2 Bd4 78. Qe2 Bc3 79. Kh3 Qf4 80. Qd3 Qd2 81. Qxd2 Bxd2 82. Kg4 Bc3 83. f4 Kf8 84. Nb8 Ke7 85. Kf3 g6 86. Kg4 Bd2 87. Nc6+ Kd7 88. hxg6 fxg6 89. Nd4 Bb4 90. Nf3 Be7 91. Nd4 h5+ 92. Kg3 Bd8 93. Kf3 Bb6 94. Nb5 Kc6 95. Nd6 Bd8 96. Ke4 Be7 97. Nf7 Kd7 98. Nh8 g5 99. fxg5 Bxg5 100. Ng6 Ke8 101. Nf4 Bxf4 102. Kxf4 Kd7 0-1

[Event "SWE-ch 2019"]
[Site "Eskilstuna"]
[Date "2019.07.08"]
[Round "3.5"]
[White "Cramling, Pia"]
[Black "Hillarp Persson, Tiger"]
[Result "1/2-1/2"]
[ECO "E11"]
[WhiteElo "2479"]
[BlackElo "2562"]
[Annotator "ChessBase"]
[PlyCount "145"]
[EventDate "2019.07.06"]
[EventType "tourn"]
[EventCountry "SWE"]
[SourceTitle "playchess.com"]
[Source "ChessBase"]
[SourceQuality "1"]
[TimeControl "40/5400+30:1800+30"]

1. Nf3 e6 2. c4 d5 3. d4 Nf6 4. g3 Bb4+ 5. Bd2 Be7 6. Bg2 O-O 7. O-O c6 8. Qc2 Nbd7 9. Rc1 a5 10. b3 Ne4 11. Be1 f5 12. Nc3 Bd6 13. Rd1 Qe7 14. Nd2 Nxc3 15. Qxc3 b6 16. cxd5 cxd5 17. Nc4 Ba6 18. Nxd6 Qxd6 19. Qe3 Rfc8 20. Rdc1 Kf7 21. Bd2 h6 22. a4 Nf6 23. f3 Qd7 24. Bf1 Rxc1 25. Rxc1 Rc8 26. Qe5 Rxc1 27. Bxc1 Qc6 28. Bf4 Ne8 29. Qb8 Ke7 30. h4 Qb7 31. Qxb7+ Bxb7 32. e3 Kd7 33. Be5 g5 34. Kg2 Nd6 35. Bg7 Nf7 36. Kf2 Bc6 37. h5 Ke7 38. Bd3 Be8 39. g4 Bd7 40. Kg3 fxg4 41. fxg4 Bc6 42. Kf2 Bd7 43. Be2 Bc6 44. Ke1 Bd7 45. Kd2 Bc6 46. Kc2 Bd7 47. Kb2 Bc6 48. Ka3 Be8 49. b4 axb4+ 50. Kxb4 Bd7 51. Bd1 Bc6 52. Bc2 Bd7 53. Bd1 Bc6 54. Be2 Bd7 55. Ka3 Bc6 56. Kb3 Bd7 57. Kb4 Bc8 58. Kc3 Bd7 59. Bd1 Bc8 60. Kd2 Ba6 61. Bc2 Bc8 62. e4 dxe4 63. Bxe4 Bd7 64. Bc2 Bc6 65. Bd1 Bd5 66. Kc3 Bc6 67. Kb4 Bd7 68. d5 e5 69. Bf3 Be8 70. Be4 Bd7 71. Bf3 Be8 72. Be4 Bd7 73. Bf3 1/2-1/2

[Event "SWE-ch 2019"]
[Site "Eskilstuna"]
[Date "2019.07.09"]
[Round "4.1"]
[White "Lokander, Martin"]
[Black "Sagit, Rauan"]
[Result "1/2-1/2"]
[ECO "D31"]
[WhiteElo "2397"]
[BlackElo "2429"]
[Annotator "NA"]
[PlyCount "152"]
[EventDate "2019.07.06"]
[EventType "tourn"]
[EventCountry "SWE"]
[SourceTitle "playchess.com"]
[Source "ChessBase"]
[SourceQuality "1"]
[TimeControl "40/5400+30:1800+30"]

1. d4 d5 2. c4 e6 3. Nc3 a6 4. cxd5 exd5 5. Qb3 Nc6 6. Nf3 Bb4 7. Bf4 Nge7 8. e3 Bf5 9. Be2 O-O 10. O-O Kh8 11. Ne5 Bd6 12. Nxc6 bxc6 13. Na4 Bxf4 14. exf4 Qd6 15. g3 Rfb8 16. Qc3 Qb4 17. b3 Qxc3 18. Nxc3 Rb4 19. Rfd1 a5 20. Na4 Re8 21. Rd2 Bh3 22. Bf1 Bxf1 23. Kxf1 Nf5 24. Rad1 h5 25. Nc5 f6 26. h3 Rb5 27. Rc1 Rb4 28. Rcd1 Rb5 29. Na4 Rb4 30. Kg2 Re4 31. Nc5 Rexd4 32. Rxd4 Nxd4 33. Na6 Rb6 34. Nxc7 Nb5 35. Nxb5 Rxb5 36. Rc1 Rb6 37. Kf3 Kg8 38. Ke3 Kf7 39. Kd4 Ke6 40. Kc5 Rb8 41. Rc3 Kd7 42. f5 Rb5+ 43. Kd4 Kd6 44. Re3 c5+ 45. Kd3 a4 46. Re6+ Kd7 47. Kc3 axb3 48. axb3 Ra5 49. Kb2 Rb5 50. Kc3 Ra5 51. Kb2 c4 52. bxc4 dxc4 53. g4 Rb5+ 54. Kc3 Rb3+ 55. Kxc4 Rxh3 56. g5 fxg5 57. Rg6 Ke7 58. Kd4 g4 59. Ke4 Kf7 60. Rg5 Kf6 61. Rg6+ Kf7 62. Rg5 Rh2 63. f3 Re2+ 64. Kf4 Rf2 65. Rxh5 gxf3 66. Rh1 Kf6 67. Kg3 Ra2 68. Kxf3 Kxf5 69. Rb1 Ra3+ 70. Kg2 g5 71. Rb4 Kg6 72. Rc4 Kh5 73. Rb4 g4 74. Rb8 Ra2+ 75. Kg3 Ra3+ 76. Kg2 Ra2+ 1/2-1/2

[Event "SWE-ch 2019"]
[Site "Eskilstuna"]
[Date "2019.07.09"]
[Round "4.3"]
[White "Wiedenkeller, Michael"]
[Black "Smith, Axel"]
[Result "1-0"]
[ECO "E69"]
[WhiteElo "2461"]
[BlackElo "2469"]
[Annotator "ChessBase"]
[PlyCount "61"]
[EventDate "2019.07.06"]
[EventType "tourn"]
[EventCountry "SWE"]
[SourceTitle "playchess.com"]
[Source "ChessBase"]
[SourceQuality "1"]
[TimeControl "40/5400+30:1800+30"]

1. d4 Nf6 2. c4 g6 3. g3 Bg7 4. Bg2 O-O 5. Nc3 d6 6. Nf3 c6 7. O-O Nbd7 8. h3 e5 9. e4 Qa5 10. Re1 exd4 11. Nxd4 Ne5 12. Bf1 Re8 13. Be3 c5 14. Nb3 Qb4 15. Qxd6 Nf3+ 16. Kh1 Nxe1 17. Bxc5 Qxc3 18. bxc3 Nxe4 19. Qf4 Nxc5 20. Nxc5 Bf5 21. g4 Bc2 22. Bg2 Bxc3 23. Rc1 Bb2 24. Bd5 Re7 25. Rxc2 Nxc2 26. Qd2 Bd4 27. Ne4 Bxf2 28. Qxf2 Nb4 29. Nf6+ Kf8 30. Qd2 Nxd5 31. Qh6# 1-0

[Event "SWE-ch 2019"]
[Site "Eskilstuna"]
[Date "2019.07.09"]
[Round "4.4"]
[White "Hillarp Persson, Tiger"]
[Black "Kucuksari, Kaan"]
[Result "1-0"]
[ECO "A37"]
[WhiteElo "2562"]
[BlackElo "2310"]
[Annotator "ChessBase"]
[PlyCount "61"]
[EventDate "2019.07.06"]
[EventType "tourn"]
[EventCountry "SWE"]
[SourceTitle "playchess.com"]
[Source "ChessBase"]
[SourceQuality "1"]
[TimeControl "40/5400+30:1800+30"]

1. c4 c5 2. g3 Nc6 3. Bg2 g6 4. Nc3 Bg7 5. Nf3 d6 6. O-O e5 7. a3 Nge7 8. b4 cxb4 9. axb4 Nxb4 10. Ba3 Nbc6 11. Ne4 O-O 12. Nxd6 Rb8 13. e3 b6 14. h3 Qd7 15. d4 exd4 16. exd4 Rd8 17. d5 Na5 18. Ng5 Nf5 19. Ngxf7 Nxd6 20. Nxd6 Ba6 21. Re1 Bxc4 22. Nxc4 Nxc4 23. Re7 Qf5 24. Bb4 Bf8 25. Raxa7 Bxe7 26. Rxe7 Qf6 27. Qe1 Qf5 28. g4 Qf6 29. Bc3 Qd6 30. Qe4 Nd2 31. Bxd2 1-0

[Event "SWE-ch 2019"]
[Site "Eskilstuna"]
[Date "2019.07.09"]
[Round "4.5"]
[White "Hector, Jonny"]
[Black "Cramling, Pia"]
[Result "1/2-1/2"]
[ECO "B46"]
[WhiteElo "2487"]
[BlackElo "2479"]
[Annotator "ChessBase"]
[PlyCount "71"]
[EventDate "2019.07.06"]
[EventType "tourn"]
[EventCountry "SWE"]
[SourceTitle "playchess.com"]
[Source "ChessBase"]
[SourceQuality "1"]
[TimeControl "40/5400+30:1800+30"]

1. e4 c5 2. Nf3 Nc6 3. d4 cxd4 4. Nxd4 e6 5. Nc3 a6 6. Nxc6 bxc6 7. Bd3 d5 8. O-O Nf6 9. Qf3 Be7 10. Qg3 Nh5 11. Qh3 g6 12. Be2 Ng7 13. Bh6 O-O 14. Rad1 Bd6 15. Na4 Qc7 16. f4 Re8 17. Qe3 Bf8 18. c4 Bd7 19. Nb6 Rab8 20. Bxg7 Kxg7 21. Nxd7 Qxd7 22. b3 Kg8 23. Kh1 Qc7 24. cxd5 exd5 25. e5 a5 26. h4 Rb4 27. Qg3 a4 28. h5 axb3 29. axb3 Bg7 30. Rd3 Qe7 31. hxg6 hxg6 32. Bg4 Re4 33. Bf3 Rb4 34. Bg4 Re4 35. Bf3 Rb4 36. Bg4 1/2-1/2

[Event "SWE-ch 2019"]
[Site "Eskilstuna"]
[Date "2019.07.10"]
[Round "5.1"]
[White "Blomqvist, Erik"]
[Black "Lokander, Martin"]
[Result "1-0"]
[ECO "C77"]
[WhiteElo "2492"]
[BlackElo "2397"]
[Annotator "ChessBase"]
[PlyCount "67"]
[EventDate "2019.07.06"]
[EventType "tourn"]
[EventCountry "SWE"]
[SourceTitle "playchess.com"]
[Source "ChessBase"]
[SourceQuality "1"]
[TimeControl "40/5400+30:1800+30"]

1. e4 e5 2. Nf3 Nc6 3. Bb5 a6 4. Ba4 Nf6 5. d3 d6 6. c3 g6 7. h3 Bg7 8. Be3 O-O 9. O-O Bd7 10. Nbd2 Re8 11. Re1 Qe7 12. a3 Nh5 13. d4 Rad8 14. Rc1 Qf8 15. b4 Bh6 16. d5 Nb8 17. c4 Bxe3 18. Rxe3 Bxa4 19. Qxa4 Nd7 20. Qc2 c6 21. dxc6 bxc6 22. Qa4 Nb8 23. c5 dxc5 24. Rxc5 Nf4 25. Nc4 f6 26. Na5 Re6 27. g3 Nxh3+ 28. Kg2 Ng5 29. Nxg5 fxg5 30. Qb3 Qf7 31. Rf3 Qe7 32. Nxc6 Nxc6 33. Rxc6 Re8 34. Rxa6 1-0